 Dungeon Crawl Stone Soup version 0.21.0 (webtiles) character file.

148 Lovchig the Shield-Bearer (level 5, -3/49 HPs)
             Began as a Deep Dwarf Fighter on Jan 7, 2018.
             Slain by an ogre
             ... wielding a +0 giant club
              (16 damage)
             ... on level 3 of the Dungeon.
             The game lasted 00:07:10 (1809 turns).

Lovchig the Shield-Bearer (Deep Dwarf Fighter)      Turns: 1809, Time: 00:07:11

Health: -3/49      AC: 13    Str: 20    XL:     5   Next: 8%
Magic:  5/5        EV:  4    Int:  9    God:
Gold:   106        SH:  9    Dex: 12    Spells: 4/4 levels left

rFire    . . .     SeeInvis .   a - +0 war axe
rCold    . . .     Gourm    .   c - +0 shield
rNeg     . . .     Faith    .   e - +1 plate armour
rPois    .         Spirit   .   (no helmet)
rElec    .         Reflect  .   (no cloak)
rCorr    .         Harm     .   n - +0 pair of gloves
MR       .....                  (no boots)
Stlth    ..........             (no amulet)
HPRegen  0.00/turn              (no ring)
MPRegen  0.09/turn              (no ring)

@: non-regenerating
A: damage resistance, heal wounds, sense surroundings 1, no regeneration
a: Heal Wounds


You were on level 3 of the Dungeon.
You were not hungry.

You visited 1 branch of the dungeon, and saw 3 of its levels.

You collected 106 gold pieces.

Inventory:

Hand Weapons
 a - a +0 war axe (weapon)
Armour
 c - a +0 shield (worn)
 e - a +1 plate armour (worn)
 n - a +0 pair of gloves (worn)
Scrolls
 h - 2 scrolls of remove curse
 i - 2 scrolls of identify
 j - a scroll of teleportation
Potions
 b - a potion of ambrosia {unknown}
 d - 2 potions of might
 k - 2 potions of berserk rage
Comestibles
 f - 4 rations
 g - 10 chunks of flesh


   Skills:
 * Level 3.2 Fighting
 * Level 3.7 Axes
 * Level 3.8 Armour
 * Level 1.3 Dodging
 * Level 4.3 Shields


You had 4 spell levels left.
You didn't know any spells.

Dungeon Overview and Level Annotations

Branches:
Dungeon (3/15)

Altars:
Vehumet
Wu Jian


Innate Abilities, Weirdness & Mutations

You are resistant to damage.
You can heal yourself by infusing magical energy.
You passively map a small area around you.
You do not regenerate.


Message History

A rat comes into view.
An orc comes into view. It is wielding a falchion.
The orc shouts!
The ogre hits you with a giant club!!
You fail to use your ability.
The ogre barely misses you.
You hit the ogre.
The ogre is lightly wounded.
Your plate armour prevents you from hitting the orc.
You block the ogre's attack. The orc hits you with a falchion.
The orc hits you but does no damage.
You feel much better. You block the ogre's attack. You block the orc's attack.
Your shield and plate armour prevent you from hitting the orc.
Your shield and plate armour prevent you from hitting the ogre.
You block the ogre's attack. You block the orc's attack.
You closely miss the orc. You hit the ogre. You block the orc's attack.
The ogre hits you with a giant club!!
* * * LOW HITPOINT WARNING * * *
You fail to use your ability.
You block the orc's attack. The ogre hits you with a giant club!!
You die...

, , #........###.#.
..........)....#. *
..#........##..#.
.%#........##..÷.
#.#........##.##. *
######.#........#####.
... ..#.########..##.
##.##.##.#.# #(####
#....rO@.#.# #.####
#..#...o#...# #.##.#
#....##..# ##.....
#......#..#######......
,
#..##..##............÷.
#..#
##..#.#######....#. ,
#..* *..#.# * #....#. *
## .##.# , #.[..#. , ,
..# +......


You could see an ogre, an orc and a rat.

Vanquished Creatures
  Jessica (D:3)
  Natasha (D:3)
  3 adders (D:2)
  An ooze (D:2)
  2 worms
  A leopard gecko (D:2)
  An orc (D:3)
  4 bats
  2 giant cockroaches
  12 goblins
  4 hobgoblins
  7 jackals
  A quokka (D:3)
  7 frilled lizards (D:2)
  5 kobolds
  6 rats
58 creatures vanquished.

Notes
Turn   | Place    | Note
-------+----------+-------------------------------------------
     0 | D:1      | Lovchig the Deep Dwarf Fighter began the quest for the Orb.
     0 | D:1      | Reached XP level 1. HP: 20/20 MP: 1/1
   178 | D:1      | Reached XP level 2. HP: 27/27 MP: 2/2
   613 | D:2      | Reached XP level 3. HP: 34/34 MP: 3/3
   751 | D:2      | Reached skill level 4 in Shields
   829 | D:2      | Reached skill level 1 in Dodging
   955 | D:2      | Reached XP level 4. HP: 42/42 MP: 4/4
  1362 | D:2      | Found a radiant altar of Vehumet.
  1650 | D:3      | Found an ornate altar of the Wu Jian Council.
  1687 | D:3      | Noticed Jessica
  1693 | D:3      | Killed Jessica
  1765 | D:3      | Noticed Natasha
  1773 | D:3      | Killed Natasha
  1773 | D:3      | Reached XP level 5. HP: 45/49 MP: 5/5
  1799 | D:3      | Noticed an ogre
  1809 | D:3      | Slain by an ogre

Skill      XL: |  1  2  3 |
---------------+----------+-----
Fighting       | 3 |  3.2
Shields        | 4 |  4.3
Dodging        | 1 |  1.3
Axes           | 3 |  3.7
Armour         | |  3.8

Action                   |  1- 3 |  4- 6 || total
-------------------------+-------+-------++-------
Melee: War axe           |   183 |    65 ||   248
 Abil: Heal Wounds       |       |     1 ||     1
  Use: Scroll            |     4 |     5 ||     9
  Eat: Chunk             |     1 |     3 ||     4
Armor: Plate armour      |   128 |    38 ||   166
Dodge: Dodged            |    40 |     6 ||    46
Block: Shield            |   113 |    29 ||   142
